AoeStats
← larryjho

Arabia

503740887Analyzed
1v1 RM · 2mo ago on Sep 2, 2026· 52m 34s· 2 players
Game mode
Random Map
Map size
Tiny (2 player)
Population
200
Speed
Normal
Resources
Standard
Victory
Conquest
Starting age
Dark Age
Ending age
Imperial Age
RankedLock teamsTeams togetherTeam positionsShared explorationLock speedFull tech treeHidden civsTurbo modeCheats
Victory
Defeat
🇹🇼 Persians · Taiwan
884
+16
vs
🇦🇷 Vietnamese · Argentina
879
-16
larryjho
7:54 Loom
10:24 Feudal Age
8:42 Loom
9:48 Loom
13:55 Double-Bit Axe
20:39 Horse Collar
21:22 Gold Mining
21:53 Stone Mining
22:03 Fletching
24:54 Castle Age
23:34 Wheelbarrow
25:00 Pikeman
25:57 Bow Saw
26:27 Stone Shaft Mining
25:57 Heavy Plow
25:25 Crossbowman
27:25 Fletching
28:56 Hand Cart
28:44 Town Watch
29:09 Husbandry
29:20 Bloodlines
29:24 Squires
29:11 Arson
29:35 Bodkin Arrow
30:39 Scale Barding Armor
30:51 Forging
33:36 Thumb Ring
36:15 Ballistics
36:45 Padded Archer Armor
39:56 Imperial Age
41:08 Chatras
41:31 Paper Money
41:10 Halberdier
43:06 Bracer
43:21 Leather Archer Armor
43:08 Scale Mail Armor
46:14 Chain Barding Armor
46:14 Chain Mail Armor
46:35 Iron Casting
46:46 Arbalester
47:30 Elite Skirmisher
49:08 Ring Archer Armor
49:09 Plate Mail Armor
51:20 Murder Holes
52:27 Chemistry
51:24 Imperial Skirmisher
slryze4264
6:49 Loom
9:41 Feudal Age
10:06 Double-Bit Axe
20:04 Wheelbarrow
24:09 Castle Age
22:40 Bloodlines
22:39 Scale Barding Armor
22:49 Forging
23:29 Horse Collar
27:07 Light Cavalry
27:51 Husbandry
27:53 Gold Mining
28:17 Bow Saw
28:08 Heavy Plow
31:08 Chain Barding Armor
31:24 Iron Casting
30:41 Fletching
30:53 Padded Archer Armor
32:42 Stone Mining
33:27 Gold Shaft Mining
33:33 Gold Shaft Mining
36:38 Imperial Age
36:07 Ballistics
37:49 Kamandaran
38:20 Conscription
39:21 Hand Cart
41:03 Two-Man Saw
40:44 Crop Rotation
40:31 Crossbowman
41:11 Bodkin Arrow
42:01 Plate Barding Armor
44:06 Blast Furnace
44:31 Thumb Ring
46:01 Scale Mail Armor
46:17 Leather Archer Armor
46:45 Hussar
49:08 Chemistry
48:20 Masonry
48:08 Elite War Elephant
Connection lost

Rejoining the realm…

Still unreachable

The connection could not be restored.

Session expired

The server has moved on; the page needs a fresh start.